 Dungeon Crawl Stone Soup version 0.24.0-2-g5b39cebb1c (webtiles) character file.

Game seed: 18242218001313931018, levelgen mode: deterministic

39284 Arixos the Thaumaturge (level 13, -9/75 HPs)
             Began as a Deep Elf Assassin on Oct 29, 2019.
             Was a High Priest of Vehumet.
             Mangled by a redback (20 damage)
             ... in a Gauntlet on Oct 30, 2019.
             The game lasted 04:07:57 (34419 turns).

Arixos the Thaumaturge (Deep Elf Assassin)         Turns: 34419, Time: 04:07:58

Health: -9/75      AC: 10    Str:  8    XL:     13   Next: 68%
Magic:  18/30      EV: 18    Int: 22    God:    Vehumet [*****.]
Gold:   171        SH:  0    Dex: 19    Spells: 2/34 levels left

rFire    . . .     SeeInvis .   a - +3 spear (flame)
rCold    + . .     Gourm    .   (no shield)
rNeg     . . .     Faith    .   S - +0 troll leather armour
rPois    .         Spirit   .   C - +0 helmet
rElec    .         Reflect  .   E - scarf {repulsion}
rCorr    +         Harm     .   O - +0 pair of gloves {Dex+3}
MR       +....     NoTele   +   M - +2 pair of boots
Stlth    +++.......             I - amulet of magic regeneration
HPRegen  0.62/turn              W - ring of resist corrosion
MPRegen  0.47/turn              d - ring of protection from cold

@: studying Stealth, repel missiles
A: blurry vision 1
a: Renounce Religion


You were in a Gauntlet.
You worshipped Vehumet.
Vehumet was extremely pleased with you.
You were hungry.

You visited 4 branches of the dungeon, and saw 22 of its levels.
You also visited: Gauntlet.

You collected 2094 gold pieces.
You spent 1923 gold pieces at shops.

Inventory:

Hand Weapons
 a - a +3 spear of flaming (weapon)
 q - the +9 spear "Hieno" {antimagic, rN+ Str+3}
   (You took it off a centaur on level 11 of the Dungeon)

   It reduces the magical energy of the wielder, and disrupts the spells and
   magical abilities of those hit.
   Natural abilities and divine invocations are not affected.
   It affects your strength (+3).
   It protects you from negative energy.
Missiles
 c - 107 poisoned darts (quivered)
Armour
 C - a +0 helmet (worn)
 E - a scarf of repulsion (worn)
 M - a +2 pair of boots (worn)
 O - a +0 pair of gloves of dexterity (worn)
 S - a +0 troll leather armour (worn)
Jewellery
 d - a ring of protection from cold (right hand)
 B - the ring "Dehasoc" {Fire Str+2 Int+2, unknown}
   (You found it in a Gauntlet)

   [ring of fire]

   It enhances your fire magic.
   It affects your strength (+2).
   It affects your intelligence (+2).
   It protects you from fire.
   It makes you vulnerable to cold.
 I - an amulet of magic regeneration (around neck)
 W - a ring of resist corrosion (left hand)
Wands
 z - a wand of polymorph (13)
 F - a wand of clouds (7)
 G - a wand of flame (16)
 N - a wand of paralysis (8)
 P - a wand of iceblast (22)
Scrolls
 b - a scroll of vulnerability {unknown}
 j - 5 scrolls of immolation
 k - 4 scrolls of remove curse
 l - 2 scrolls of enchant armour
 m - 3 scrolls of magic mapping
 n - 2 scrolls of enchant weapon
 r - a scroll of teleportation
 t - 3 scrolls of identify
 J - 2 scrolls of fog
 L - a scroll of fear
 R - a scroll of amnesia
 V - a scroll of random uselessness {unknown}
 X - a scroll of holy word {unknown}
Potions
 e - 2 potions of invisibility
 g - a potion of haste {unknown}
 h - a potion of agility
 i - a potion of cancellation {unknown}
 o - a potion of magic {unknown}
 p - 7 potions of lignification
 s - 4 potions of might
 u - a potion of heal wounds {unknown}
 w - a potion of resistance
 x - 5 potions of flight
 A - 4 potions of brilliance
 D - 3 potions of curing
 H - 2 potions of berserk rage {unknown}
 T - 3 potions of mutation
Books
 y - a manual of Stealth
Miscellaneous
 v - a box of beasts
 K - a phial of floods
Comestibles
 f - 29 rations


   Skills:
 + Level 6.4 Fighting
   Level 2.0 Short Blades
 * Level 4.4 Polearms
 - Level 2.0 Throwing
 + Level 6.1 Armour
 + Level 9.1 Dodging
 - Level 4.8 Stealth
 * Level 11.0 Spellcasting
 * Level 6.9 Conjurations
 - Level 4.0 Hexes
 - Level 8.0 Summonings
 + Level 6.3 Fire Magic
 - Level 8.0 Ice Magic
 - Level 5.0 Air Magic
 * Level 7.0 Earth Magic
 + Level 7.3 Evocations


You had 2 spell levels left.
You knew the following spells:

 Your Spells              Type           Power        Failure   Level  Hunger
a - Iron Shot             Conj/Erth      #####.....   17%         6    ######.
b - Summon Ice Beast      Ice/Summ       #####...     2%          4    #......
f - Conjure Flame         Conj/Fire      #####...     1%          3    None
q - Call Imp              Summ           #####...     1%          2    None
r - Lee's Rapid Deconstr  Erth           #####.....   3%          5    ####...
s - Summon Lightning Spi  Summ/Air       #####...     4%          4    #......
F - Fireball              Conj/Fire      #####.....   4%          5    ####...
Q - Summon Guardian Gole  Hex/Summ       #####...     1%          3    None

Your spell library contained the following spells:

 Spells                   Type           Power        Failure   Level  Hunger
 Bolt of Draining         Conj/Necr      ####......   13%         5    ####...
 Flame Tongue             Conj/Fire      #####        1%          1    None
 Sandblast                Erth           #####.       1%          1    None
 Summon Small Mammal      Summ           ####         1%          1    None
 Throw Flame              Conj/Fire      #####.       1%          2    None
 Passwall                 Tmut/Erth      ####....     2%          2    None
 Beastly Appendage        Tmut           ##....       8%          1    None
 Sticks to Snakes         Tmut           ##......     11%         2    None
 Call Canine Familiar     Summ           #####...     1%          3    None
 Inner Flame              Hex/Fire       #####...     1%          3    None
 Static Discharge         Conj/Air       #####...     1%          3    None
 Stone Arrow              Conj/Erth      #####.       1%          3    None
 Sticky Flame             Conj/Fire      #####...     1%          4    #......
 Bolt of Magma            Conj/Fire/Erth #####.....   3%          5    ####...
 Lightning Bolt           Conj/Air       #####.....   5%          5    ####...
 Leda's Liquefaction      Hex/Erth       #####.....   8%          4    #......
 Ice Form                 Ice/Tmut       ####....     14%         4    #......
 Petrify                  Tmut/Erth      ####....     17%         4    #......
 Spider Form              Tmut/Pois      ##........   22%         3    None
 Blade Hands              Tmut           ##........   90%         5    ####...
 Statue Form              Tmut/Erth      ####.....    95%         6    ######.
 Ignition                 Fire           #####.....   100%        8    #######
 Shatter                  Erth           #####.....   100%        9    #######
 Tornado                  Air            ####......   100%        9    #######


Dungeon Overview and Level Annotations

Branches:
Dungeon (13/15)            Temple (1/1) D:4            Lair (6/6) D:11
 Shoals (0/4) Lair:4        Snake (0/4) Lair:4        Slime (0/5) Lair:6
    Orc (2/2) D:9             Elf (0/3) Orc:2       Gauntlet (1/1)
 Vaults: D:13-14

Altars:
Ashenzari
Cheibriados
Dithmenos
Elyvilon
Fedhas
Gozag
Hepliaklqana
Kikubaaqudgha
Makhleb
Nemelex Xobeh
Okawaru
Qazlal
Ru
Sif Muna
Trog
Uskayaw
Vehumet
Wu Jian
Xom
Yredelemnul
Zin
The Shining One
Jiyva

Shops:
D:4 %   D:10 ?   D:11 :   Orc:2 =?(

Annotations:
Lair:2 3 runed translucent doors, Duaji's ghost, journeyman GrFi
Lair:6 1 runed translucent door Gauntlet 21 runed translucent doors, 6 transporters


Innate Abilities, Weirdness & Mutations

Scrolls take you a little longer to read.


Message History

The moth of wrath bites you but does no damage.
The redback misses you. x2
Your ice beast closely misses the redback.
The moth of wrath bites you but does no damage.
The redback closely misses you. The redback bites you!
The redback closely misses you. The redback completely misses you.
The redback closely misses you. The redback bites you!!
* * * LOW HITPOINT WARNING * * *
You see here a ration.
The redback completely misses you.
The moth of wrath angrily waves its antennae.
You see here a scroll of teleportation.
The redback bites you!
* * * LOW HITPOINT WARNING * * *
There is a transporter here.
You enter the transporter and appear at another place.
The redback bites you!!
You die...

. . ##. .. #. #.# #.#
####.###.###.#####
≈...............≈# ###
8.8.8.s@.©..8.8.8# ### #8#
≈.............§.≈# #8#
###############################
###≈............≈∩≈............§#
#8#.............................#
#..###########...###########..#
#..#.ys?§.[..#...#..u[©?)..#..#
###..#..##.##..#...#.#.....#.#..#
#8#..#.##Ys.##.#...#..#####..#..#


You could see a white ugly thing (wandering) and a redback (berserk).

Vanquished Creatures
  Rupert (Lair:3)
  3 hydras
  2 two-headed ogres
  An unseen horror (D:11)
  A necromancer (Lair:5)
  An ugly thing (D:11)
  An orc knight (Orc:1)
  A manticore (D:11)
  An elephant (Lair:3)
  2 black mambas (Lair:6)
  4 spiny frogs
  A komodo dragon (D:11)
  2 rime drakes
  4 trolls
  4 hornets (Lair:6)
  3 dream sheep (Lair:5)
  A blink frog (Lair:5)
  3 hippogriffs
  Sigmund (D:4)
  A wraith (Lair:5)
  4 yaks
  A hungry ghost (D:11)
  4 water moccasins
  Duvessa (D:5)
  3 porcupines
  5 orc warriors (Orc:2)
  A sky beast (D:8)
  A phantom (D:9)
  4 ogres
  4 centaurs
  A crocodile (Lair:1)
  8 bullfrogs
  Dowan (D:5)
  7 scorpions
  2 howler monkeys (D:7)
  A bullfrog zombie (D:5)
  3 crimson imps
  14 orc wizards
  A hound (D:8)
  9 orc priests (Orc:2)
  2 bullfrog skeletons
  2 iguanas
  5 worker ants
  2 polar bear simulacra (Lair:5)
  A wolf simulacrum (Lair:5)
  A hound skeleton (D:7)
  2 worker ant zombies
  12 adders
  A howler monkey skeleton (D:5)
  3 shadow imps
  A white imp (D:6)
  2 oozes
  2 adder skeletons (D:5)
  4 worms
  3 dart slugs
  5 leopard geckos
  16 orcs
  5 giant cockroaches
  11 goblins
  5 hobgoblins
  11 jackals
  16 kobolds
  8 quokkas
  2 ball pythons
  11 bats
  9 frilled lizards
  A goblin zombie (D:9)
  A hobgoblin skeleton (D:9)
  2 hobgoblin zombies (D:9)
  2 orc skeletons (D:9)
  6 orc zombies (D:9)
  7 rats
  A river rat simulacrum (Lair:5)
275 creatures vanquished.

Vanquished Creatures (collateral kills)
  Gastronok (Lair:3)
  Josephine (Lair:5)
  2 hydras
  A death knight (D:11)
  3 death yaks (Lair:4)
  A two-headed ogre (D:11)
  Urug (Lair:1)
  An orc high priest (Orc:2)
  3 lindwurms (Lair:6)
  Pikel (D:8)
  3 oklob plants (Lair:6)
  3 cyclopes
  5 orc sorcerers
  An ugly thing (D:11)
  A shining eye (Gauntlet)
  7 elephants
  5 torpor snails (Lair:6)
  7 spiny frogs
  Psyche (D:8)
  2 rime drakes
  A kobold demonologist (D:11)
  3 komodo dragons
  2 trolls
  5 hornets (Lair:6)
  12 blink frogs
  3 tyrant leeches (Lair:6)
  6 dream sheep (Lair:5)
  5 hippogriffs
  2 redbacks (Lair:6)
  9 wyverns
  18 yaks
  3 wraiths (Lair:5)
  2 fire bats (Gauntlet)
  A hungry ghost (D:9)
  Menkaure (D:7)
  12 water moccasins
  A floating eye (Gauntlet)
  A porcupine (Lair:5)
  A sky beast (D:9)
  A slave (D:8)
  13 orc warriors
  2 black bears
  A phantom (D:9)
  10 wolves
  4 ogres
  3 centaurs
  11 crocodiles
  3 big kobolds
  7 bullfrogs
  2 scorpions
  A troll zombie (D:9)
  6 wights
  4 electric eels
  A howler monkey (D:7)
  A bullfrog zombie (D:11)
  4 crimson imps
  A centaur skeleton (D:8)
  11 orc priests
  3 hounds
  A jelly (D:10)
  A gnoll shaman (D:10)
  3 bullfrog skeletons
  3 iguanas
  13 orc wizards
  5 worker ants
  2 polar bear simulacra (Lair:5)
  3 wolf simulacra (Lair:5)
  5 ogre zombies (D:9)
  A hound zombie (D:7)
  A hound skeleton (D:7)
  7 gnolls
  2 adders
  A shadow imp (D:7)
  An adder skeleton (D:7)
  33 orcs
  A giant cockroach (D:7)
  6 kobolds (D:8)
  2 quokkas
  A hobgoblin skeleton (D:9)
  2 hobgoblin zombies (D:9)
  2 orc skeletons (D:9)
  2 orc zombies (D:9)
  2 river rat simulacra (Lair:5)
  2 demonic plants (Gauntlet)
  A fungus (Lair:6)
  6 plants
336 creatures vanquished.

Vanquished Creatures (others)
  2 elephants (Lair:5)
  A blink frog (Lair:4)
  A dream sheep (Lair:5)
  A sky beast (D:8)
  A howler monkey (D:5)
  2 wights (D:8)
  A jelly (D:7)
  A rat (D:3)
  28 fungi
  30 plants
  4 toadstools (D:7)
  11 withered plants (Gauntlet)
83 creatures vanquished.

Grand Total: 694 creatures vanquished

Notes
Turn   | Place    | Note
-------+----------+-------------------------------------------
     0 | D:1      | Arixos the Deep Elf Assassin began the quest for the Orb.
     0 | D:1      | Reached XP level 1. HP: 12/12 MP: 3/3
   144 | D:1      | Reached skill level 1 in Spellcasting
   144 | D:1      | Reached XP level 2. HP: 17/17 MP: 5/5
   530 | D:1      | Reached XP level 3. HP: 21/21 MP: 7/7
   993 | D:1      | Reached skill level 1 in Armour
  1371 | D:1      | Reached skill level 2 in Spellcasting
  2080 | D:2      | Reached XP level 4. HP: 23/26 MP: 9/9
  2581 | D:3      | Noticed an ogre
  2605 | D:3      | Killed an ogre
  2605 | D:3      | Reached skill level 3 in Spellcasting
  2605 | D:3      | Reached XP level 5. HP: 31/31 MP: 9/11
  3087 | D:3      | Found a faded altar of an unknown god.
  3503 | D:4      | Noticed Sigmund
  3693 | D:4      | Reached XP level 6. HP: 34/36 MP: 13/13
  3703 | D:4      | Found a staircase to the Ecumenical Temple.
  4316 | Temple   | Entered the Ecumenical Temple
  4500 | Temple   | Became a worshipper of Vehumet
  4617 | D:4      | Reached skill level 4 in Spellcasting
  4917 | D:4      | Found Sowishra's Food Boutique.
  5041 | D:4      | Killed Sigmund
  5041 | D:4      | Reached skill level 1 in Evocations
  5041 | D:4      | Reached XP level 7. HP: 41/41 MP: 14/16
  5115 | D:5      | Entered Level 5 of the Dungeon
  5271 | D:5      | Reached skill level 5 in Spellcasting
  5583 | D:5      | Noticed Duvessa
  5586 | D:5      | Noticed Dowan
  5598 | D:5      | Killed Duvessa
  5598 | D:5      | Reached skill level 5 in Dodging
  5601 | D:5      | Killed Dowan
  5891 | D:5      | Reached XP level 8. HP: 11/48 MP: 18/18
  6217 | D:5      | Reached * piety under Vehumet
  6217 | D:5      | Offered knowledge of Freeze by Vehumet.
  6220 | D:5      | Learned a level 1 spell: Freeze
  6316 | D:5      | Found a blossoming altar of Fedhas.
  6561 | D:5      | Found an iron altar of Okawaru.
  6562 | D:5      | Found a glowing silver altar of Zin.
  6694 | D:5      | Reached skill level 1 in Ice Magic
  6936 | D:5      | Found the +7 Singing Sword {slice, sonic wave}
  7315 | D:5      | Reached skill level 6 in Spellcasting
  7980 | D:6      | Learned a level 2 spell: Call Imp
  8036 | D:6      | Reached skill level 1 in Summonings
  8402 | D:6      | Learned a level 4 spell: Summon Lightning Spire
  8624 | D:6      | Reached ** piety under Vehumet
  8624 | D:6      | Offered knowledge of Sandblast by Vehumet.
  8956 | D:7      | Noticed a troll
  9064 | D:7      | Noticed a hippogriff
  9465 | D:7      | Noticed Menkaure
  9799 | D:7      | Learned a level 3 spell: Summon Guardian Golem
  9912 | D:7      | Reached XP level 9. HP: 52/52 MP: 17/20
 10181 | D:7      | Killed a troll
 10181 | D:7      | Reached skill level 1 in Hexes
 10647 | D:7      | Reached skill level 1 in Air Magic
 11159 | D:7      | Killed Menkaure
 11594 | D:7      | Offered knowledge of Inner Flame by Vehumet.
 12400 | D:8      | Noticed Psyche
 12489 | D:8      | Reached *** piety under Vehumet
 13060 | D:8      | Reached skill level 7 in Spellcasting
 13082 | D:8      | Noticed a two-headed ogre
 13089 | D:8      | Noticed a two-headed ogre
 13097 | D:8      | Killed a two-headed ogre
 15549 | D:8      | Learned a level 4 spell: Summon Ice Beast
 15648 | D:8      | Reached skill level 5 in Ice Magic
 16142 | D:8      | Killed Psyche
 16179 | D:8      | Noticed Pikel
 16194 | D:8      | Killed Pikel
 16194 | D:8      | Reached XP level 10. HP: 58/58 MP: 6/23
 16750 | D:9      | Reached skill level 5 in Fighting
 16943 | D:9      | Offered knowledge of Dazzling Spray by Vehumet.
 17273 | D:9      | Found a staircase to the Orcish Mines.
 17315 | D:9      | Reached **** piety under Vehumet
 17801 | D:9      | Offered knowledge of Conjure Flame by Vehumet.
 17806 | D:9      | Learned a level 3 spell: Conjure Flame
 17843 | D:9      | Found a sparkling altar of Nemelex Xobeh.
 17861 | D:9      | Reached skill level 5 in Summonings
 18105 | D:10     | Entered Level 10 of the Dungeon
 18656 | D:10     | Reached skill level 5 in Evocations
 18927 | D:10     | Reached skill level 1 in Fire Magic
 19155 | D:10     | Found Elypt's Magic Scroll Shop.
 19161 | D:10     | Bought a scroll of summoning for 123 gold pieces
 19161 | D:10     | Bought a scroll of fog for 26 gold pieces
 19161 | D:10     | Bought a scroll of identify for 26 gold pieces
 19161 | D:10     | Bought a scroll of identify for 26 gold pieces
 19161 | D:10     | Bought a scroll of remove curse for 39 gold pieces
 19161 | D:10     | Bought a scroll of blinking for 97 gold pieces
 19320 | D:10     | Reached skill level 1 in Conjurations
 19808 | D:11     | Identified the +3 war axe "Loughemere" {drain, +Fly rElec
                  | rPois}
 20011 | D:11     | Learned a level 5 spell: Lee's Rapid Deconstruction
 20109 | D:11     | Noticed a six-headed hydra
 20110 | D:11     | Identified the +9 spear "Hieno" {antimagic, rN+ Str+3}
 20122 | D:11     | Killed a six-headed hydra
 20122 | D:11     | Reached skill level 8 in Spellcasting
 20122 | D:11     | Reached skill level 1 in Earth Magic
 20270 | D:11     | Noticed a six-headed hydra
 20285 | D:11     | Killed a six-headed hydra
 20285 | D:11     | Reached skill level 5 in Armour
 20285 | D:11     | Reached XP level 11. HP: 64/64 MP: 10/25
 20493 | D:11     | Noticed a death knight
 20731 | D:11     | Noticed a white ugly thing
 20808 | D:11     | Killed a white ugly thing
 21085 | D:11     | Noticed a two-headed ogre
 21096 | D:11     | Killed a two-headed ogre
 21259 | D:11     | Killed a death knight
 21428 | D:11     | Found Meosyh's Book Shop.
 21586 | D:11     | Noticed a green ugly thing
 21596 | D:11     | Killed a red ugly thing
 21748 | D:11     | Killed an unseen horror
 21748 | D:11     | Reached skill level 1 in Polearms
 21925 | D:11     | Found a staircase to the Lair.
 22162 | D:11     | Learned a level 5 spell: Fireball
 22172 | Lair:1   | Entered Level 1 of the Lair of Beasts
 22172 | Lair:1   | Noticed Urug
 22418 | Lair:1   | Killed Urug
 22663 | D:11     | Bought a book of the Earth for 650 gold pieces
 23176 | Lair:2   | Reached ***** piety under Vehumet
 23248 | Lair:2   | Offered knowledge of Olgreb's Toxic Radiance by Vehumet.
 23710 | Lair:2   | Found a runed translucent gate.
 23711 | Lair:2   | Found a runed translucent gate.
 23712 | Lair:2   | Found a runed translucent gate.
 23713 | Lair:2   | Noticed Duaji's ghost (journeyman GrFi)
 23718 | Lair:2   | Found a viscous altar of Jiyva.
 23940 | Lair:2   | Noticed a seven-headed hydra
 23946 | Lair:2   | Killed a seven-headed hydra
 23946 | Lair:2   | Reached skill level 9 in Spellcasting
 24242 | Lair:3   | Noticed Gastronok
 24266 | Lair:3   | Reached skill level 5 in Air Magic
 24635 | Lair:3   | Killed Gastronok
 24777 | Lair:3   | Reached XP level 12. HP: 69/69 MP: 17/27
 25655 | Lair:3   | Noticed Rupert
 26307 | Lair:3   | Killed Rupert
 26534 | Lair:4   | Noticed a four-headed hydra
 26541 | Lair:4   | Killed a four-headed hydra
 26564 | Lair:4   | Found a staircase to the Snake Pit.
 26761 | Lair:4   | HP: 2/69 [wolf (9)]
 26765 | Lair:4   | Noticed a death yak
 26879 | Lair:4   | Noticed a death yak
 26882 | Lair:4   | Noticed a death yak
 27408 | Lair:4   | Found a staircase to the Shoals.
 27586 | Lair:4   | Killed a death yak
 27596 | Lair:4   | Killed a death yak
 27876 | Lair:4   | Killed a death yak
 28258 | Lair:5   | Reached skill level 5 in Earth Magic
 28267 | Lair:5   | Reached skill level 10 in Spellcasting
 28268 | Lair:5   | Reached skill level 5 in Fire Magic
 28350 | Lair:5   | Reached skill level 5 in Conjurations
 28548 | Lair:5   | Noticed Josephine
 28564 | Lair:5   | Killed Josephine
 28564 | Lair:5   | Offered knowledge of Throw Icicle by Vehumet.
 29081 | Lair:5   | Reached XP level 13. HP: 74/74 MP: 9/29
 29580 | Lair:6   | Entered Level 6 of the Lair of Beasts
 29750 | Lair:6   | Found a staircase to the Slime Pits.
 30642 | Lair:6   | Found a runed translucent door.
 30643 | Lair:6   | Noticed a fire dragon
 31123 | Lair:6   | Learned a level 6 spell: Iron Shot
 31487 | Orc:1    | Entered Level 1 of the Orcish Mines
 31610 | Orc:1    | Offered knowledge of Freezing Cloud by Vehumet.
 31916 | Orc:2    | Entered Level 2 of the Orcish Mines
 32807 | Orc:2    | Paralysed by an orc sorcerer for 4 turns
 33147 | Orc:2    | Found a staircase to the Elven Halls.
 33287 | Orc:2    | Found Upokaud's Antique Weapon Boutique.
 33287 | Orc:2    | Found Qaas Lir's Magic Scroll Shop.
 33288 | Orc:2    | Found Caall's Jewellery Shop.
 33291 | Orc:2    | Found Yzxaptac's Weapon Boutique.
 33593 | Orc:2    | Bought a scroll of acquirement for 936 gold pieces
 33594 | Orc:2    | Got a brightly glowing granite ring
 33595 | Orc:2    | Identified the ring of the Failed Coup {Ice Dex+9} (You
                  | acquired it on level 2 of the Orcish Mines)
 33941 | D:12     | Offered knowledge of Bolt of Draining by Vehumet.
 33950 | D:12     | Reached skill level 11 in Spellcasting
 33959 | D:12     | You fall into a shaft and drop 1 floor!
 33989 | D:13     | Found a gate leading to a gauntlet.
 33997 | Gauntlet | Entered a Gauntlet
 33997 | Gauntlet | Found a large runed translucent door.
 33997 | Gauntlet | Found a large runed translucent door.
 33997 | Gauntlet | Found a large runed translucent door.
 33997 | Gauntlet | Found a large runed translucent door.
 33997 | Gauntlet | Found a runed translucent door.
 33997 | Gauntlet | Found a large runed translucent door.
 33997 | Gauntlet | Found a large runed translucent door.
 33997 | Gauntlet | Found a transporter.
 33997 | Gauntlet | Found a transporter.
 33997 | Gauntlet | Found a large runed translucent door.
 33997 | Gauntlet | Found a large runed translucent door.
 33997 | Gauntlet | Found a runed translucent gate.
 33997 | Gauntlet | Found a runed translucent gate.
 33997 | Gauntlet | Found a transporter.
 33999 | Gauntlet | Found a transporter.
 34002 | Gauntlet | Found a transporter.
 34002 | Gauntlet | Found a transporter.
 34003 | Gauntlet | Found a runed translucent gate.
 34003 | Gauntlet | Found a runed translucent door.
 34007 | Gauntlet | Found a large runed translucent door.
 34007 | Gauntlet | Found a large runed translucent door.
 34008 | Gauntlet | Found the +10 Black Knight's horse barding {ponderous,
                  | rPois rN+}
 34016 | Gauntlet | Found a transporter.
 34016 | Gauntlet | Found a transporter.
 34028 | Gauntlet | Found a transporter.
 34055 | Gauntlet | Found the +9 staff of Wucad Mu {channel}
 34071 | Gauntlet | Found a large runed translucent door.
 34071 | Gauntlet | Found a large runed translucent door.
 34074 | Gauntlet | Found a large runed translucent door.
 34074 | Gauntlet | Found a large runed translucent door.
 34075 | Gauntlet | Found a large runed translucent door.
 34076 | Gauntlet | Found a large runed translucent door.
 34126 | Gauntlet | Found a transporter.
 34130 | Gauntlet | Found a transporter.
 34140 | Gauntlet | Found a transporter.
 34285 | Gauntlet | Gained mutation: Scrolls take you a little longer to read.
                  | [a shining eye]
 34343 | Gauntlet | Got a crude bronze ring
 34419 | Gauntlet | Mangled by a redback

Levels and vault maps discovered:
D:1:      sevenhm_arrival_forest_fort_large_2, layout_basic
D:2:      layout_basic
D:3:      layout_loops_corners, chequers_ecumenical_altar_simple_redux,
          st_stairs_3
D:4:      layout_rooms, minmay_temple_entry_mini_moons, serial_shops,
          shop_statue, first_ration, uniq_sigmund
D:5:      old_forge, layout_basic, gammafunk_temple_overflow_statue,
          fedhas_altar_1, uniq_duvessa
D:6:      layout_basic, minmay_fire_ice_demons
D:7:      layout_cave_pods, minmay_gold_behind_fungi, grunt_ogre_cave,
          minmay_manual_mess, uniq_menkaure
D:8:      layout_layer_cave, uniq_psyche, uniq_pikel
D:9:      layout_loops_ring, zombieorc1_lemuel, minmay_misc_feat_nine_boxes,
          lemuel_tele_altar
D:10:     layout_basic, serial_shops, shop, kennysheep_cluttered_room
D:11:     minmay_the_grid_four_pointed_star_mashed
          [minmay_the_grid_triangle_9x9_steps,
          minmay_the_grid_triangle_9x9_wacky_v,
          minmay_the_grid_triangle_9x9_windchime,
          minmay_the_grid_triangle_9x9_dagger,
          minmay_the_grid_prize_four_corners_diamond_b], layout_loops_cross,
          serial_shops, shop
D:12:     layout_gridville, basic_altar
D:13:     layout_grid_maze, gauntlet_entry_generic, guppyfry_shop_blood,
          uniq_nessos
Temple:   regret_index_temple_chain_breaker
Lair:1:   layout_hall_layers, serial_bayou_shore_a, uniq_urug
Lair:2:   layout_gridlike, gammafunk_ghost_ooze
Lair:3:   layout_loops_ring, beast_lair_carwin_5, infiniplex_staircase_pool_2,
          lemuel_fruit_tree, uniq_rupert, uniq_gastronok
Lair:4:   layout_regular_city, elwin_shoals_entry_rocks, dummy_snake_entry,
          minivault_24, serial_bayou_shore_b
Lair:5:   layout_regular_city, chequers_serial_rivers_micro_b,
          eino_house_with_fridge, uniq_josephine
Lair:6:   hangedman_lair_tendril_chambers, layout_cave_pods, wormcave,
          minmay_slime_entry_oklob_open
Orc:1:    layout_diamond_mine
Orc:2:    st_orc_mages, layout_diamond_mine
Gauntlet: gammafunk_gauntlet_hard_choice [gammafunk_gauntlet_arena_hedges,
          minmay_gauntlet_arena_make_your_own_arena, nicolae_gauntlet_arena_x,
          gammafunk_gauntlet_arena_arrow_garden,
          gammafunk_gauntlet_arena_split_diamond, nicolae_gauntlet_arena_blocks,
          gauntlet_exit_watery]

Skill      XL: |  1  2  3  4  5  6  7  8  9 10 11 12 13 |
---------------+----------------------------------------+-----
Spellcasting   | 1 2 3 4 5 6 7 8 9 10 11 | 11.0
Dodging        | 2 3 4 5 6 7 8 9 |  9.1
Fighting       | 2 3 4 5 6 |  6.4
Armour         | 1 2 3 4 5 6 |  6.1
Evocations     | 1 2 3 4 5 6 7 |  7.3
Ice Magic      | 3 5 6 7 8 |  8.0
Summonings     | 2 4 6 7 8 |  8.0
Hexes          | 4 |  4.0
Air Magic      | 2 4 5 |  5.0
Fire Magic     | 1 3 5 6 |  6.3
Conjurations   | 1 3 5 6 |  6.9
Earth Magic    | 1 4 5 7 |  7.0
Polearms       | 2 3 4 |  4.4
Short Blades   | |  2.0
Throwing       | |  2.0
Stealth        | |  4.8

Action                   |  1- 3 |  4- 6 |  7- 9 | 10-12 | 13-15 || total
-------------------------+-------+-------+-------+-------+-------++-------
Melee: Dagger            |   163 |   292 |   386 |   174 |       ||  1015
       Staff             |       |       |     3 |       |       ||     3
       Spear             |       |       |       |   347 |   187 ||   534
Throw: Dart              |       |    42 |    29 |    11 |     2 ||    84
 Cast: Freeze            |       |       |   121 |    16 |       ||   137
       Call Imp          |       |       |   127 |   124 |    61 ||   312
       Summon Guardian G |       |       |    33 |    57 |    39 ||   129
       Summon Ice Beast  |       |       |     7 |   137 |    92 ||   236
       Conjure Flame     |       |       |       |    43 |     9 ||    52
       Summon Lightning  |       |       |       |   110 |    64 ||   174
       Fireball          |       |       |       |    12 |    50 ||    62
       Lee's Rapid Decon |       |       |       |     1 |     3 ||     4
Evoke: Wand              |       |     2 |    19 |     5 |       ||    26
       Crystal ball of e |       |       |       |     1 |       ||     1
  Use: Scroll            |       |       |     9 |    24 |     8 ||    41
       Potion            |       |       |     3 |     2 |     1 ||     6
 Stab: Sleeping          |     8 |     5 |     2 |     4 |       ||    19
       Distracted        |     1 |       |     2 |    23 |    11 ||    37
  Eat: Chunk             |     4 |     9 |    14 |    41 |    21 ||    89
       Ration            |       |       |     6 |     6 |     2 ||    14
Armor: Robe              |    14 |       |       |       |       ||    14
       Ring mail         |    40 |   108 |   180 |    52 |       ||   380
       Skin              |       |       |    30 |       |       ||    30
       Troll leather arm |       |       |       |    68 |    39 ||   107
Dodge: Dodged            |    90 |   147 |   321 |   340 |   116 ||  1014
       Deflected         |       |       |    21 |    12 |     7 ||    40
